 Dungeon Crawl Stone Soup version 0.24-a0-525-g9231cdcba1 (webtiles) character file.

Game seed: 1357900600035176729

2 Gargoyl the Skirmisher (level 1, -1/19 HPs)
             Began as a Centaur Abyssal Knight on Aug 1, 2019.
             Was an Initiate of Lugonu.
             Slain by a hobgoblin (2 damage)
             ... on level 1 of the Dungeon.
             The game lasted 00:01:19 (578 turns).

Gargoyl the Skirmisher (Centaur Abyssal Knight)      Turns: 578, Time: 00:01:20

Health: -1/19      AC:  7    Str: 14    XL:     1   Next: 33%
Magic:  2/2        EV:  4    Int: 11    God:    Lugonu [......]
Gold:   76         SH:  0    Dex: 10    Spells: 0/0 levels left

rFire    . . .     SeeInvis .   a - +1 hand axe
rCold    . . .     Gourm    .   (no shield)
rNeg     . . .     Faith    .   d - +0 chain mail
rPois    .         Spirit   .   (no helmet)
rElec    .         Reflect  .   (no cloak)
rCorr    .         Harm     .   (no gloves)
MR       .....                  (no barding)
Stlth    ..........             (no amulet)
HPRegen  0.06/turn              g - +2 ring of dexterity
MPRegen  0.08/turn              (no ring)

@: very quick
A: large, hooves 3, deformed body, speed 2, tough skin 3
a: Renounce Religion


You were on level 1 of the Dungeon.
You worshipped Lugonu.
Lugonu was noncommittal.
You were not hungry.

You visited 1 branch of the dungeon, and saw 1 of its levels.
You visited the Abyss 1 time.

You collected 76 gold pieces.

Inventory:

Hand Weapons
 a - a +1 hand axe (weapon)
Armour
 d - a +0 chain mail (worn)
Jewellery
 g - a +2 ring of dexterity (left hand)
Potions
 b - a potion of curing {unknown}
 e - a potion of flight
Comestibles
 c - a ration


   Skills:
 + Level 3.0 Fighting
 + Level 1.7 Axes
 * Level 1.4 Armour
 * Level 0.7 Dodging
 * Level 2.0 Invocations


You couldn't memorise any spells.
You didn't know any spells.
Your spell library was empty.

Dungeon Overview and Level Annotations

Branches:
Dungeon (1/15)

Altars:


Innate Abilities, Weirdness & Mutations

You have hooves in place of feet.
Armour fits poorly on your strangely shaped body.
You cover ground very quickly.
You have extremely tough skin. (AC +3)


Message History

The goblin is heavily wounded.
You hit the hobgoblin but do no damage. You barely miss the goblin.
The hobgoblin hits you but does no damage.
The goblin hits you but does no damage.
The hobgoblin hits you but does no damage.
The goblin barely misses you.
Your chain mail prevents you from hitting the goblin.
Your kick misses the goblin.
The goblin is heavily wounded.
Your chain mail prevents you from hitting the hobgoblin.
You barely miss the goblin. The hobgoblin hits you.
The goblin hits you with a +0 club. The goblin hits you but does no damage.
The hobgoblin hits you.
* * * LOW HITPOINT WARNING * * *
The goblin hits you but does no damage.
You hit the goblin.
You kill the goblin!
Lugonu accepts your kill.
You hit the hobgoblin. You closely miss the goblin. The hobgoblin hits you.
You die...

##.# #....# #.##
###.#..####.#
.........#.# ###
#....##)#.# #<#
#....##.#.# #.###
#!...##.#.# ##.##
#....##.#.# ##..
#.@g....#.## ###
.......g).###(##.#
###..##...###.##.##
## .............#
#.#....####....# #
#....# #....#
.....# #....#
.#....# #....#
#.####


You could see a hobgoblin (berserk) and a goblin.

Vanquished Creatures
  A goblin (D:1)
  A kobold (D:1)
2 creatures vanquished.

Notes
Turn   | Place    | Note
-------+----------+-------------------------------------------
     0 | Abyss:1  | Gargoyl the Centaur Abyssal Knight began the quest for the
                  | Orb.
     0 | Abyss:1  | Reached XP level 1. HP: 19/19 MP: 2/2
    40 | Abyss:1  | Found a corrupted altar of Lugonu.
   102 | Abyss:1  | Found a corrupted altar of Lugonu.
   175 | Abyss:1  | Noticed an ice beast
   189 | Abyss:2  | Found a corrupted altar of Lugonu.
   201 | Abyss:2  | Noticed a large abomination
   221 | Abyss:2  | Noticed a golden eye
   227 | Abyss:2  | Noticed a golden eye
   290 | D:1      | Escaped the Abyss
   578 | D:1      | Slain by a hobgoblin

Levels and vault maps discovered:
D:1:      dpeg_arrival_solitude, layout_basic, chequers_avenue

Action                   || total
-------------------------++-------
Melee: Hand axe          ||     8
       Kick              ||     1
Invok: Depart the Abyss  ||     1
  Use: Potion            ||     2
       Scroll            ||     1
Armor: Chain mail        ||    10
Dodge: Dodged            ||     4

Table legend:
 A = Non-vault XP
 B = Vault XP
 C = Vault XP percentage of total XP
 D = Non-vault monster count
 E = Vault monster count
 F = Vault count percentage of total count
                 A         B        C        D         E       F
            +---------+---------+-------+---------+---------+-------
      Total |       4 |       0 |   0.0 |       2 |       0 |   0.0
            +---------+---------+-------+---------+---------+-------
        D:1 |       4 |       0 |   0.0 |       2 |       0 |   0.0
            +---------+---------+-------+---------+---------+-------
